 Dungeon Crawl Stone Soup version 0.29.0-4-gdea44cf6ec (webtiles) character file.

Game seed: 14431687274452975

31596 quinnr the Devastator (level 13, -12/78 HPs)
             Began as a Tengu Conjurer on Aug 27, 2022.
             Was an Elder of Vehumet.
             Mangled by a catoblepas (16 damage)
             ... while petrified by a catoblepas
             ... on level 3 of the Lair of Beasts.
             The game lasted 01:11:07 (26057 turns).

quinnr the Devastator (Tengu Conjurer)             Turns: 26057, Time: 01:11:08

Health: -12/78     AC:  7    Str:  7    XL:     13   Next: 59%
Magic:  2/23       EV:  2    Int: 29    God:    Vehumet [****..]
Gold:   782        SH:  0    Dex: 14    Spells: 2/24 levels left

rFire   . . .      SeeInvis +   p - +5 sling (flame)
rCold   . . .      Faith    .   (no shield)
rNeg    + + +      Spirit   .   s - +2 robe {Will+}
rPois   ∞          Reflect  .   H - +0 hat
rElec   .          Harm     .   D - +1 cloak
rCorr   .          Rampage  .   O - +0 pair of gloves
Will    ++++.      Clarity  +   (boots unavailable)
Stlth   +++.......              M - amulet of the Four Winds {rN+ Will+++ Clar}
HPRegen 0.23/turn               v - ring of see invisible
MPRegen 0.18/turn               i - +6 ring of intelligence

@: petrified, flying quickly and evasively, quick
A: beak, talons 3, nimble flight
a: Renounce Religion


You were on level 3 of the Lair of Beasts.
You worshipped Vehumet.
Vehumet was greatly pleased with you.
You visited 3 branches of the dungeon, and saw 18 of its levels.
You also visited: Ossuary.

You collected 1510 gold pieces.
You spent 728 gold pieces at shops.


Innate Abilities, Weirdness & Mutations

You have a beak for a mouth.
You have claws for feet.
Your magical nature lets you fly swiftly and evasively.


   Skills:
 - Level 8.0 Fighting
 - Level 2.0 Ranged Weapons
 + Level 12.7 Dodging
 - Level 4.0 Stealth
 - Level 6.2 Spellcasting
 + Level 17.5 Conjurations
 - Level 6.0 Hexes
 + Level 3.6 Fire Magic
 - Level 4.0 Ice Magic
 - Level 4.0 Air Magic


You had 2 spell levels left.
You knew the following spells:

 Your Spells              Type           Power      Damage    Failure   Level
c - Mephitic Cloud        Conj/Pois/Air  50%        N/A       1%          3
d - Dazzling Flash        Conj/Hex       100%       N/A       1%          3
f - Fulminant Prism       Conj/Hex       33%        3d16      1%          4
g - Freezing Cloud        Conj/Ice/Air   27%        6-21      1%          5
m - Magic Dart            Conj           100%       1d8       0%          1
s - Searing Ray           Conj           100%       2d8       0%          2
y - Sticky Flame          Conj/Fire      63%        2d8       1%          4

Your spell library contained the following spells:

 Spells                   Type           Power      Damage    Failure   Level
 Irradiate                Conj/Tmut      28%        3d21      1%          5
 Freeze                   Ice            100%       1d11      1%          1
 Ensorcelled Hibernation  Hex/Ice        76%        N/A       1%          2
 Beastly Appendage        Tmut           18%        N/A       5%          1
 Summon Small Mammal      Summ           36%        N/A       5%          1
 Call Imp                 Summ           9%         N/A       9%          2
 Passwall                 Tmut/Erth      7%         N/A       9%          2
 Wereblood                Tmut           9%         N/A       9%          2
 Frozen Ramparts          Ice            64%        1d10      1%          3
 Hailstorm                Conj/Ice       64%        3d14      1%          4
 Iskenderun's Mystic Bla  Conj/Tloc      56%        2d12      1%          4
 Swiftness                Air            32%        N/A       3%          3
 Starburst                Conj/Fire      31%        6d10      3%          6
 Summon Guardian Golem    Hex/Summ       26%        N/A       4%          3
 Call Canine Familiar     Summ           9%         N/A       17%         3
 Spider Form              Tmut/Pois      9%         N/A       17%         3
 Corpse Rot               Necr/Pois/Air  16%        N/A       32%         4
 Dispel Undead            Necr           9%         3d8       50%         4
 Death Channel            Necr           4%         N/A       100%        6
 Malign Gateway           Summ/Tloc      4%         N/A       100%        7

Inventory:

Hand Weapons
 p - a +5 sling of flaming (weapon)
Armour
 s - a +2 robe of willpower (worn)
 t - a +1 robe of cold resistance
 u - a scarf of shadows
 D - a +1 cloak (worn)
 H - a +0 hat (worn)
 K - a +2 robe of fire resistance
 O - a +0 pair of gloves (worn)
Magical Staves
 a - a staff of cold {!a}
Jewellery
 c - a ring of ice
 i - a +6 ring of intelligence (right hand)
 v - a ring of see invisible (left hand)
 I - a +6 ring of intelligence
 J - an amulet of faith {!P}
 M - the amulet of the Four Winds (around neck) {rN+ Will+++ Clar}
   (You bought it in a shop on level 5 of the Dungeon)

   [amulet of nothing]

   rN:        It protects you from negative energy.
   Clar:      It protects you against confusion.
   Will:      It greatly increases your willpower.
 N - a ring of positive energy
Wands
 k - a wand of iceblast (15)
 n - a wand of paralysis (10)
 w - a wand of light (13)
 G - a wand of polymorph (11)
 Q - a wand of mindburst (3)
 T - a wand of flame (5)
Scrolls
 d - 3 scrolls of summoning
 g - 2 scrolls of noise
 j - 3 scrolls of identify {@r1}
 l - 5 scrolls of teleportation {@r2}
 m - 3 scrolls of vulnerability
 r - a scroll of butterflies
 y - 6 scrolls of enchant weapon
 A - 6 scrolls of brand weapon
 C - a scroll of poison
 E - 2 scrolls of enchant armour
 L - a scroll of blinking
 P - 3 scrolls of magic mapping
 R - a scroll of immolation
 S - a scroll of fear
Potions
 b - 3 potions of magic
 e - 3 potions of invisibility
 f - 3 potions of mutation
 h - 7 potions of curing {@q1}
 o - 5 potions of attraction
 q - 4 potions of haste {@q3}
 x - 3 potions of heal wounds {@q2}
 z - 4 potions of brilliance
 B - 3 potions of degeneration
 F - a potion of ambrosia
 U - a potion of resistance
 V - a potion of berserk rage {!q}
Miscellaneous
 W - a tin of tremorstones (2/2)

Dungeon Overview and Level Annotations

Branches:
Dungeon (13/15)            Temple (0/1) D:4            Lair (3/5) D:11
  Swamp (0/4) Lair:3        Snake (0/4) Lair:2          Orc (2/2) D:9
    Elf (0/3) Orc:2       Ossuary (visited)
 Vaults: D:13-14

Altars:
Dithmenos
Elyvilon
Fedhas
Nemelex Xobeh
Qazlal
Vehumet
The Shining One

Shops:
D:4 !   D:5 =   D:6 *

Portals:
Abyss: Lair:1

Annotations:
Lair:1 2 transporters, Zeldest's ghost, novice TrFi
Orc:1 !orc warlord

.................#
#.............###
#.............#
#........#.##### #
#........###$...#### #
##....<..#####...#?.# #
#........###.####..?# ##
##........#....#...## ###.
#.........▒@......#..####...
#...........Y....##..##.P...
##........▒..##~..#..#......
###......▒..###..##/######.
###....▒..# #..# ## #.#
##...▒..# #..# ### ##..▒..~
#..# .....F.....#
...▒........


You could see a catoblepas and a cane toad (wandering).


Message History

The catoblepas is almost dead. (Press . to maintain the ray.)
You are engulfed in calcifying dust.
The catoblepas breathes a plume of calcifying dust at you.
The blast of calcifying dust hits you. The catoblepas gores you!!
Your limbs are stiffening.
Unknown command.
Unknown command.
Unknown command.
Unknown command.
Unknown command.
The catoblepas gores you!
You have turned to stone.
The catoblepas gores you!!
* * * LOW HITPOINT WARNING * * *
The catoblepas gores you!!
* * * LOW HITPOINT WARNING * * *
The catoblepas breathes a plume of calcifying dust at you.
The blast of calcifying dust hits you.
* * * LOW HITPOINT WARNING * * *
You are engulfed in calcifying dust.
The catoblepas breathes a plume of calcifying dust at you.
The blast of calcifying dust hits you but does no damage.
You are engulfed in calcifying dust.
The catoblepas gores you!!
* * * LOW HITPOINT WARNING * * *
You hear a croak.
You are engulfed in calcifying dust.
The catoblepas gores you.
You are engulfed in calcifying dust.
A cane toad comes into view.
The catoblepas gores you!!
You die...

Skill      XL: |  1  2  3  4  5  6  7  8  9 10 11 12 13 |
---------------+----------------------------------------+-----
Conjurations   | 6 7 8 9 11 13 15 17 | 17.5
Fighting       | 1 2 3 5 7 8 |  8.0
Dodging        | 3 4 5 10 12 | 12.7
Spellcasting   | 3 4 5 6 |  6.2
Ranged Weapons | 1 2 |  2.0
Hexes          | 1 3 4 5 6 |  6.0
Stealth        | 3 4 |  4.0
Ice Magic      | 4 |  4.0
Air Magic      | 4 |  4.0
Fire Magic     | 3 |  3.6

Action                   |  1- 3 |  4- 6 |  7- 9 | 10-12 | 13-15 || total
-------------------------+-------+-------+-------+-------+-------++-------
Melee: Unarmed           |     7 |       |       |       |       ||     7
       Peck              |     3 |       |       |     3 |     5 ||    11
       Staff             |       |       |       |    10 |    17 ||    27
       Kick              |       |       |       |     8 |    12 ||    20
 Fire: Sling             |       |    10 |   153 |    20 |     6 ||   189
 Cast: Magic Dart        |    64 |    79 |    40 |   204 |    10 ||   397
       Searing Ray       |     5 |    18 |    52 |    79 |    10 ||   164
       Dazzling Flash    |       |     1 |       |     7 |     1 ||     9
       Fulminant Prism   |       |       |     4 |    53 |     5 ||    62
       Mephitic Cloud    |       |       |     1 |    50 |    17 ||    68
       Sticky Flame      |       |       |       |    37 |    24 ||    61
       Freezing Cloud    |       |       |       |    41 |    24 ||    65
Evoke: Wand              |       |       |       |     2 |     5 ||     7
  Use: Scroll            |       |    11 |    12 |     3 |     3 ||    29
       Potion            |       |       |     2 |     1 |       ||     3
 Stab: Invisible         |       |       |       |       |     2 ||     2
       Confused          |       |       |       |       |     1 ||     1
Armor: Robe              |     4 |     3 |    12 |    25 |    14 ||    58
       Skin              |       |       |     2 |       |       ||     2
Dodge: Dodged            |    21 |    30 |    85 |   120 |    83 ||   339

Levels and vault maps discovered:
D:1:      onia_arrival_zoo_common, layout_basic,
          hellmonk_ecumenical_altar_crossroads, minmay_hexomino_c4
D:2:      layout_basic, hex_large, ebering_dispersal_statue_hall,
          minmay_crystal_water, serial_bayou_lagoon_a,
          kennysheep_generic_room_16
D:3:      minmay_recursive_quarters, layout_rooms, grunt_ministairs_14,
          uniq_robin
D:4:      layout_gridville, minmay_temple_entry_hall, serial_shops, shop,
          minmay_fractal_squares_diagonal_5
D:5:      layout_loops_corners, nicolae_vehumet_altar_sigil,
          general_overflow_altar, serial_shops, nicolae_shop_behind_doors,
          uniq_grinder
D:6:      layout_rooms, kennysheep_mini_moat, nemelex_xobeh_ov_fountains_minmay,
          nicolae_ossuary_entry_false_entrances, serial_shops, shop,
          grunt_ministairs_9, minmay_strange_pillars, nrook_uturn,
          hangedman_decor_points, minmay_mini_ossuary
D:7:      layout_loops_cross, kennysheep_little_box
D:8:      layout_loops_cross
D:9:      layout_loops_ring, mainiacjoe_overflow_brackets,
          minmay_orc_entry_temple_large, minmay_misc_feat_square,
          hangedman_abyss_or_decor_stabs
D:10:     layout_basic, uniq_maggie
D:11:     layout_basic, lair_entry_dummy
D:12:     layout_cave_pools
D:13:     layout_cave_pools
Lair:1:   layout_chaotic_city, gammafunk_ghost_abyssal_escape,
          fungi_pond_lemuel, hangedman_tree_tricks, serial_bayou_shore_b
Lair:2:   layout_long_grid, guppyfry_snake_entry_garden, grunt_megastairs_3
Lair:3:   layout_cave_pods, skrybe_swamp_entry_bodies,
          hangedman_lair_generics_rect
Orc:1:    layout_diamond_mine
Orc:2:    grunt_orc_tribal_feast, layout_diamond_mine

Notes
Turn   | Place    | Note
-------+----------+-------------------------------------------
     0 | D:1      | quinnr the Tengu Conjurer began the quest for the Orb.
     0 | D:1      | Reached XP level 1. HP: 10/10 MP: 4/4
     6 | D:1      | Noticed a black bear
     6 | D:1      | Noticed a scorpion
     6 | D:1      | Noticed a black mamba
     7 | D:1      | Noticed an iguana
     7 | D:1      | Noticed a hound
   211 | D:1      | Reached XP level 2. HP: 15/15 MP: 0/6
   231 | D:1      | Reached skill level 6 in Conjurations
   299 | D:1      | Found a faded altar of an unknown god.
   417 | D:1      | Learned a level 2 spell: Searing Ray
   751 | D:1      | Reached XP level 3. HP: 19/19 MP: 5/7
  1470 | D:2      | Reached skill level 7 in Conjurations
  2108 | D:3      | Noticed Robin
  2231 | D:3      | Reached XP level 4. HP: 24/24 MP: 4/8
  2431 | D:3      | Reached skill level 1 in Fighting
  2524 | D:3      | Reached skill level 3 in Dodging
  2524 | D:3      | Gained mutation: Your magical nature lets you fly swiftly
                  | and evasively. [Tengu growth]
  2524 | D:3      | Reached XP level 5. HP: 29/29 MP: 1/9
  2957 | D:3      | Reached skill level 3 in Spellcasting
  3288 | D:3      | Killed Robin
  4313 | D:3      | Reached skill level 1 in Ranged Weapons
  4313 | D:3      | Reached XP level 6. HP: 32/34 MP: 5/11
  4505 | D:4      | Learned a level 3 spell: Dazzling Flash
  4528 | D:4      | Reached skill level 2 in Ranged Weapons
  4528 | D:4      | Reached skill level 8 in Conjurations
  4529 | D:4      | Reached skill level 1 in Hexes
  5258 | D:5      | Entered Level 5 of the Dungeon
  5262 | D:5      | Reached XP level 7. HP: 38/38 MP: 12/12
  5308 | D:5      | Noticed Grinder
  5327 | D:5      | Killed Grinder
  5328 | D:5      | Reached skill level 9 in Conjurations
  5328 | D:5      | Reached skill level 2 in Hexes
  5507 | D:5      | Found a radiant altar of Vehumet.
  5518 | D:5      | Became a worshipper of Vehumet
  5615 | D:5      | Reached skill level 3 in Hexes
  5808 | D:5      | Found a white marble altar of Elyvilon.
  5846 | D:5      | Reached skill level 2 in Fighting
  6002 | D:5      | Reached XP level 8. HP: 35/44 MP: 4/13
  6211 | D:5      | Reached skill level 4 in Hexes
  6217 | D:5      | Found Wippa's Jewellery Emporium.
  6421 | D:4      | Found Niexzo's Distillery.
  6825 | D:4      | Reached skill level 3 in Fighting
  6971 | D:4      | Found a staircase to the Ecumenical Temple.
  6992 | D:4      | Reached skill level 4 in Dodging
  7076 | D:4      | Reached * piety under Vehumet
  7076 | D:4      | Offered knowledge of Sandblast by Vehumet.
  7214 | D:6      | Reached skill level 4 in Spellcasting
  7533 | D:6      | Reached XP level 9. HP: 52/52 MP: 12/16
  7551 | D:6      | Reached skill level 10 in Conjurations
  7554 | D:6      | Reached skill level 4 in Fighting
  7564 | D:6      | Found a glowing golden altar of the Shining One.
  7604 | D:6      | Reached skill level 5 in Dodging
  7608 | D:6      | Found Canaamp's Assorted Antiques.
  7722 | D:6      | Found a sand-covered staircase.
  7727 | Ossuary  | Entered an ossuary
  7772 | Ossuary  | Reached ** piety under Vehumet
  7774 | Ossuary  | Offered knowledge of Foxfire by Vehumet.
  7784 | Ossuary  | Learned a level 4 spell: Fulminant Prism
  8006 | Ossuary  | Offered knowledge of Mephitic Cloud by Vehumet.
  8011 | Ossuary  | Learned a level 3 spell: Mephitic Cloud
  8187 | Ossuary  | Reached *** piety under Vehumet
  8273 | Ossuary  | Offered knowledge of Sticky Flame by Vehumet.
  8281 | Ossuary  | Learned a level 4 spell: Sticky Flame
  8386 | D:6      | Found a sparkling altar of Nemelex Xobeh.
  8970 | D:7      | Reached skill level 5 in Spellcasting
  9264 | D:7      | Reached skill level 5 in Fighting
  9309 | D:7      | Reached skill level 11 in Conjurations
  9457 | D:7      | Found a stormy altar of Qazlal.
  9878 | D:8      | Reached skill level 3 in Stealth
 10150 | D:8      | Reached skill level 5 in Hexes
 10150 | D:8      | Reached XP level 10. HP: 50/59 MP: 13/18
 10677 | D:8      | Reached skill level 4 in Stealth
 11050 | D:9      | Reached skill level 12 in Conjurations
 11498 | D:9      | Found a shadowy altar of Dithmenos.
 11812 | D:9      | Reached skill level 6 in Hexes
 11845 | D:9      | Reached **** piety under Vehumet
 12091 | D:9      | Reached skill level 13 in Conjurations
 12146 | D:9      | Found a staircase to the Orcish Mines.
 12448 | D:9      | Offered knowledge of Freezing Cloud by Vehumet.
 12675 | D:10     | Entered Level 10 of the Dungeon
 12713 | Orc:1    | Entered Level 1 of the Orcish Mines
 12734 | Orc:1    | Noticed an orc high priest
 12742 | Orc:1    | Noticed an orc sorcerer
 12744 | Orc:1    | Noticed a soul eater
 13196 | D:9      | Noticed a rust devil
 13225 | D:8      | Noticed a smoke demon
 13423 | D:8      | Killed an orc high priest
 13424 | D:8      | Reached skill level 6 in Spellcasting
 13424 | D:8      | Reached XP level 11. HP: 48/63 MP: 10/21
 13547 | D:8      | Learned a level 5 spell: Freezing Cloud
 13589 | Orc:1    | Killed an orc sorcerer
 13590 | Orc:1    | Reached skill level 6 in Dodging
 13590 | Orc:1    | Reached skill level 1 in Ice Magic
 13590 | Orc:1    | Reached skill level 1 in Air Magic
 13703 | Orc:1    | Reached skill level 2 in Air Magic
 13889 | Orc:2    | Entered Level 2 of the Orcish Mines
 14034 | Orc:2    | Found a staircase to the Elven Halls.
 14288 | Orc:2    | Noticed an orc warlord
 14734 | D:10     | Reached skill level 2 in Ice Magic
 14801 | D:10     | Reached skill level 3 in Air Magic
 15186 | D:5      | Bought the amulet of the Four Winds {rN+ Will+++ Clar} for
                  | 728 gold pieces
 15186 | D:5      | Found the amulet of the Four Winds {rN+ Will+++ Clar}
 15557 | D:10     | Noticed Maggie
 15586 | D:10     | Killed Maggie
 16197 | D:10     | Reached skill level 4 in Air Magic
 16203 | D:10     | Reached skill level 3 in Ice Magic
 16212 | D:10     | Reached skill level 7 in Dodging
 16948 | D:11     | Noticed a purple ugly thing
 16952 | D:11     | Noticed a two-headed ogre
 17137 | D:11     | Got the Papyrus of the Excursion and the Congregation
 17146 | D:11     | Killed a two-headed ogre
 17147 | D:11     | Reached skill level 8 in Dodging
 17147 | D:11     | Reached skill level 4 in Ice Magic
 17308 | D:11     | Killed a purple ugly thing
 17450 | D:11     | Found a staircase to the Lair.
 17710 | D:11     | Reached skill level 9 in Dodging
 17944 | D:12     | Noticed a two-headed ogre
 17965 | D:12     | Killed a two-headed ogre
 18069 | D:12     | Noticed a six-headed hydra
 18084 | D:11     | Reached skill level 10 in Dodging
 18469 | D:12     | Noticed a green ugly thing
 18480 | D:12     | Killed a green ugly thing
 18481 | D:12     | Reached XP level 12. HP: 52/68 MP: 1/22
 19002 | D:12     | Killed a six-headed hydra
 19003 | D:12     | Reached skill level 11 in Dodging
 19479 | Lair:1   | Entered Level 1 of the Lair of Beasts
 19514 | Lair:1   | Reached skill level 12 in Dodging
 19705 | Lair:1   | Noticed a four-headed hydra
 19712 | Lair:1   | Killed a four-headed hydra
 19713 | Lair:1   | Reached skill level 14 in Conjurations
 19823 | Lair:1   | Noticed a thrashing horror
 19829 | Lair:1   | Found a transporter.
 19829 | Lair:1   | Noticed a hell hog
 19832 | Lair:1   | Noticed a great orb of eyes
 19850 | Lair:1   | Found a transporter.
 19860 | Lair:1   | Found a one-way gate to the infinite horrors of the Abyss.
 19860 | Lair:1   | Noticed Zeldest's ghost (novice TrFi)
 20125 | Lair:1   | Reached skill level 6 in Fighting
 20433 | Lair:1   | Found a blossoming altar of Fedhas.
 21296 | Lair:1   | Noticed a catoblepas
 21307 | Lair:1   | Killed a catoblepas
 21943 | Lair:1   | Reached skill level 7 in Fighting
 22097 | Lair:1   | Reached skill level 15 in Conjurations
 22869 | Lair:2   | Found a staircase to the Snake Pit.
 22993 | Lair:2   | Reached ***** piety under Vehumet
 23001 | Lair:2   | Reached XP level 13. HP: 62/78 MP: 17/23
 23100 | Lair:2   | Identified the +3 ring mail of Incorporation {Rampage Drain
                  | Str+4 Stlth+}
 23226 | Lair:2   | Reached skill level 8 in Fighting
 23309 | Lair:2   | Identified a potion of resistance
 23476 | Lair:3   | Offered knowledge of Irradiate by Vehumet.
 23479 | Lair:3   | Reached skill level 16 in Conjurations
 24082 | Lair:3   | Found a staircase to the Swamp.
 24093 | Lair:3   | Reached skill level 17 in Conjurations
 24203 | Lair:3   | Reached skill level 1 in Fire Magic
 24370 | Lair:3   | Reached skill level 2 in Fire Magic
 24824 | Lair:3   | Reached skill level 3 in Fire Magic
 25679 | Lair:3   | HP: 6/78 [eight-headed hydra (12)]
 25679 | Lair:3   | HP: 1/78 [eight-headed hydra (5)]
 26055 | Lair:3   | HP: 4/78 [catoblepas (15)]
 26057 | Lair:3   | Mangled by a catoblepas

Vanquished Creatures
  4 hydras
  A boulder beetle (Lair:3)
  A catoblepas (Lair:1)
  2 two-headed ogres
  An orc high priest (D:8)
  2 bog bodies (Lair:3)
  2 oklob plants (Lair:1)
  2 ugly things
  An orc sorcerer (Orc:1)
  5 slime creatures (D:12)
  3 elephants
  A black mamba (Lair:3)
  A gargoyle (D:12)
  An unseen horror (D:11)
  Maggie (D:10)
  6 cane toads
  A kobold demonologist (D:10)
  2 rime drakes
  8 komodo dragons
  A polar bear (Lair:2)
  6 trolls
  Grinder (D:5)
  A hornet (D:11)
  12 blink frogs
  A wraith (D:9)
  23 yaks
  2 steam dragons
  2 basilisks
  4 vampire mosquitoes (D:12)
  A naga (Lair:2)
  6 water moccasins
  10 orc warriors
  A black bear (D:6)
  2 ice beasts
  8 wolves
  5 ogres
  2 centaurs
  2 phantoms
  3 kobold brigands
  A gnoll sergeant (D:10)
  8 bullfrogs
  6 scorpions
  15 wights
  4 howler monkeys
  3 jellies
  12 orc priests
  6 hounds
  4 iguanas
  18 orc wizards
  2 mummies
  Robin (D:3)
  4 gnolls
  4 adders
  A shadow imp (D:6)
  2 white imps
  A worm (D:2)
  A dart slug (D:4)
  51 orcs
  2 spectral bats (Ossuary)
  5 endoplasms
  5 giant cockroaches
  11 goblins
  16 hobgoblins
  4 jackals (D:1)
  3 quokkas
  9 ball pythons
  8 bats
  5 bat simulacra (Ossuary)
  8 frilled lizards
  12 gnoll zombies (Ossuary)
  2 goblin simulacra (Ossuary)
  3 goblin zombies (Ossuary)
  8 hobgoblin zombies (Ossuary)
  25 kobolds
  8 kobold simulacra (Ossuary)
  6 kobold zombies (Ossuary)
  5 orc zombies
  5 rats
  2 rat simulacra (Ossuary)
  3 spectral goblins (Ossuary)
  4 spectral kobolds (Ossuary)
  3 spectral rats (Ossuary)
444 creatures vanquished.

Vanquished Creatures (others)
  An orc (D:8)
  62 fulminant prisms
  25 fungi
  21 plants
109 creatures vanquished.

Grand Total: 553 creatures vanquished

Table legend: (Time is in decaauts)
 A = Elapsed time spent in this place.
 B = Non-inter-level travel time spent in this place.
 C = Inter-level travel time spent in this place.
 D = Time resting spent in this place.
 E = Time spent auto-exploring this place.
 F = Levels seen in this place.
 G = Mean time per level.
                   A        B        C        D        E       F      G
               +--------+--------+--------+--------+--------+-----+--------+
         Total |  25198 |  23862 |   1336 |   5907 |  14091 |  19 | 1326.2 |
       Dungeon |  17873 |  16708 |   1165 |   3852 |  10282 |  13 | 1374.8 |
          Lair |   6134 |   5982 |    152 |   1941 |   3250 |   3 | 2044.7 |
  Orcish Mines |    617 |    600 |     17 |     58 |    317 |   2 |  308.5 |
       Ossuary |    572 |    572 |      0 |     54 |    241 |   1 |  572.0 |
               +--------+--------+--------+--------+--------+-----+--------+

Top non-repeatable levels by time:
  Lair:1: 2671 daAuts
     D:9: 2547 daAuts
    D:10: 2052 daAuts
     D:3: 2006 daAuts
    D:11: 1816 daAuts
  Lair:2: 1743 daAuts
     D:2: 1724 daAuts
  Lair:3: 1720 daAuts
     D:5: 1475 daAuts
     D:7: 1234 daAuts
     D:8: 1121 daAuts
     D:4: 1096 daAuts
     D:1: 1058 daAuts
    D:12: 906 daAuts
     D:6: 817 daAuts

Table legend:
 A = Non-vault XP
 B = Vault XP
 C = Vault XP percentage of total XP
 D = Non-vault monster count
 E = Vault monster count
 F = Vault count percentage of total count
                 A         B        C        D         E       F
            +---------+---------+-------+---------+---------+-------
      Total |   37895 |    7243 |  16.0 |     306 |     139 |  31.2
            +---------+---------+-------+---------+---------+-------
        D:1 |      33 |       9 |  21.4 |      20 |       7 |  25.9
        D:2 |      31 |      17 |  35.4 |      10 |       9 |  47.4
        D:3 |     168 |      67 |  28.5 |      27 |      13 |  32.5
        D:4 |     645 |     173 |  21.1 |      18 |       9 |  33.3
        D:5 |     522 |     476 |  47.7 |      18 |       2 |  10.0
        D:6 |    1069 |      31 |   2.8 |      18 |       6 |  25.0
        D:7 |     764 |       0 |   0.0 |      13 |       0 |   0.0
        D:8 |    2023 |       0 |   0.0 |      26 |       0 |   0.0
        D:9 |    1682 |    1026 |  37.9 |      23 |      21 |  47.7
       D:10 |    2651 |     404 |  13.2 |      22 |       1 |   4.3
       D:11 |    3212 |       0 |   0.0 |      11 |       0 |   0.0
       D:12 |    5281 |       0 |   0.0 |      19 |       0 |   0.0
     Lair:1 |    5444 |    1785 |  24.7 |      18 |       5 |  21.7
     Lair:2 |    4331 |     527 |  10.8 |      17 |       2 |  10.5
     Lair:3 |    8630 |    2640 |  23.4 |      31 |       4 |  11.4
      Orc:1 |    1126 |       0 |   0.0 |       6 |       0 |   0.0
      Orc:2 |     283 |       0 |   0.0 |       9 |       0 |   0.0
    Ossuary |       0 |      88 | 100.0 |       0 |      60 | 100.0
            +---------+---------+-------+---------+---------+-------
